 Dungeon Crawl Stone Soup version 0.29-a0-207-gf982a884d8 (webtiles) character file.

Game seed: 9357100037941193578

9470 Hubris850 the Slinger (level 11, -3/86 HPs)
             Began as a Merfolk Transmuter on Feb 23, 2022.
             Was a Priest of Ru.
             Slain by a vampire (11 damage)
             ... on level 10 of the Dungeon.
             The game lasted 00:51:03 (11178 turns).

Hubris850 the Slinger (Merfolk Transmuter)         Turns: 11178, Time: 00:51:04

Health: -3/86      AC:  8    Str: 10    XL:     11   Next: 47%
Magic:  18/18      EV: 11    Int: 23    God:    Ru [***...]
Gold:   380        SH:  0    Dex: 15    Spells: 14/19 levels left

rFire   x x .      SeeInvis .     - Unarmed
rCold   + + .      Faith    .   (shield currently unavailable)
rNeg    . . .      Spirit   .   (body armour currently unavailable)
rPois   +          Reflect  .   (helmet currently unavailable)
rElec   .          Harm     .   (cloak currently unavailable)
rCorr   +          Rampage  .   (gloves currently unavailable)
Will    +....                   (boots currently unavailable)
Stlth   +.........              P - amulet "Neohi" {RegenMP +Inv Will+}
HPRegen 0.24/turn               t - ring of resist corrosion
MPRegen 0.56/turn               G - +6 ring of intelligence

@: ice-form
A: freezing attack, boosted hp, large, unskilled 1, temperature sensitive,
(nimble swimmer 2), (mertail)
a: End Transformation, Renounce Religion, Evoke Invisibility, Sacrifice Skill,
Sacrifice Words, Sacrifice Durability, Reject Sacrifices, Draw Out Power


You were on level 10 of the Dungeon.
You worshipped Ru.
Ru was most pleased with you.
You were a creature of crystalline ice.
You visited 2 branches of the dungeon, and saw 11 of its levels.

You collected 627 gold pieces.
You spent 247 gold pieces at shops.

Inventory:

Hand Weapons
 a - the +7 whip of Exoneration {venom, rElec rF+++ rC+ Dex-5}
   (You found it on level 6 of the Dungeon)

   It poisons the flesh of those it strikes.
   Dex:       It affects your dexterity (-5).
   rF:        It renders you almost immune to fire.
   rC:        It protects you from cold.
   rElec:     It insulates you from electricity.
 b - the +7 hunting sling "Piril" (melded) {flame, MP+9}
   (You found it on level 2 of the Dungeon)

   Any ammunition fired from it burns those it strikes, dealing additional fire
   damage.
   MP:        It affects your magic capacity (+9).
 S - a +1 hand axe of flaming
Missiles
 l - 17 boomerangs
 p - 3 throwing nets
 r - 30 poisoned darts
 H - 3 atropa-tipped darts
 M - 2 curare-tipped darts
 O - 2 javelins
Armour
 d - a +2 pair of gloves (melded)
 q - a +0 buckler (melded)
 s - a +0 pair of boots (melded)
 v - a +2 cloak (melded)
 w - a +0 ring mail of cold resistance
 x - a +2 leather armour of fire resistance
 Q - a +2 robe of willpower (melded)
Jewellery
 e - a ring of protection from cold
 g - a ring of poison resistance
 o - an amulet of regeneration
 t - a ring of resist corrosion (left front paw)
 G - a +6 ring of intelligence (right front paw)
 P - the amulet "Neohi" (around neck) {RegenMP +Inv Will+}
   (You found it on level 8 of the Dungeon)

   [amulet of magic regeneration]

   It increases your rate of magic regeneration.
   +Inv:      It lets you turn invisible.
   Will:      It increases your willpower.
Wands
 j - a wand of acid (3)
 k - a wand of mindburst (11)
 W - a wand of flame (4)
Scrolls
 h - a scroll of torment {unknown}
 i - a scroll of amnesia {unknown}
 m - a scroll of identify
 n - a scroll of holy word
 u - 2 scrolls of magic mapping
 y - 3 scrolls of fog
 E - a scroll of summoning
 I - 2 scrolls of blinking
 J - a scroll of enchant weapon {unknown}
Potions
 c - a potion of berserk rage
 f - 3 potions of curing
 C - 3 potions of brilliance
 D - 2 potions of ambrosia
 K - a potion of attraction {unknown}
 L - a potion of might {unknown}
 N - 2 potions of mutation {unknown}
 R - a potion of heal wounds
 T - a potion of flight {unknown}
 V - a potion of haste {unknown}
Miscellaneous
 U - a condenser vane


   Skills:
 + Level 1.9 Fighting
 - Level 4.0 Maces & Flails
 - Level 10.0 Slings
 + Level 3.4 Dodging
 + Level 1.3 Shields
 * Level 5.1 Unarmed Combat
 - Level 4.9 Spellcasting
 - Level 7.0 Transmutations
 - Level 5.0 Ice Magic


You had 14 spell levels left.
You knew the following spells:

 Your Spells              Type           Power      Damage    Failure   Level
a - Beastly Appendage     Tmut           76%        N/A       1%          1
b - Ice Form              Ice/Tmut       33%        N/A       8%          4

Your spell library contained the following spells:

 Spells                   Type           Power      Damage    Failure   Level
 Wereblood                Tmut           38%        N/A       1%          2
 Spider Form              Tmut/Pois      21%        N/A       7%          3
 Foxfire                  Conj/Fire      20%        2x1d5     10%         1
 Conjure Flame            Conj/Fire      5%         6-21      28%         3
 Gell's Gravitas          Tloc           5%         N/A       28%         3
 Inner Flame              Hex/Fire       5%         N/A       28%         3
 Teleport Other           Tloc           5%         N/A       28%         3
 Tukima's Dance           Hex            5%         N/A       28%         3
 Airstrike                Air            2%         N/A       67%         4
 Anguish                  Hex/Necr       2%         N/A       67%         4
 Flame Wave               Conj/Fire      5%         2d5       67%         4
 Summon Lightning Spire   Summ/Air       5%         N/A       67%         4
 Lightning Bolt           Conj/Air       2%         1d14      95%         5
 Dispersal                Tloc           2%         N/A       100%        6
 Enfeeble                 Hex            2%         N/A       100%        7
 Chain Lightning          Conj/Air       2%         3d3       100%        9
 Fire Storm               Conj/Fire      2%         8d1       100%        9
 Shatter                  Erth           2%         3d6*      100%        9


Dungeon Overview and Level Annotations

Branches:
Dungeon (10/15)            Temple (1/1) D:4            Lair (0/6) D:9
    Orc: D:9-12

Altars:
Ashenzari
Cheibriados
Dithmenos
Elyvilon
Fedhas
Gozag
Hepliaklqana
Kikubaaqudgha
Makhleb
Nemelex Xobeh
Okawaru
Qazlal
Ru
Sif Muna
Trog
Uskayaw
Vehumet
Wu Jian
Xom
Yredelemnul
Zin
The Shining One

Shops:
D:8 [

Annotations:
D:5 3 runed translucent doors, bande's ghost, novice GrFi


Innate Abilities, Weirdness & Mutations

You are a creature of crystalline ice.
You have a powerful freezing melee attack.
Your maximum health is increased.
Your armour is entirely melded.
You are incapable of wielding weapons or throwing items.
You are somewhat unskilled. (-1 Apt)
You are sensitive to extremes of temperature. (rF-, rC-)
((You are very nimble when in or above water. (Stealth+, EV+, Speed+++)))
((Your lower body shifts to a powerful aquatic tail in water.))


Message History

Confirm with . or Enter, or press ? or * to list all spells.
You turn into a creature of crystalline ice.
The +7 hunting sling "Piril" {flame, MP+9} melds into your body.
Your +2 cloak melds into your body.
Your +2 pair of gloves melds into your body.
Your +0 pair of boots melds into your body.
Your +0 buckler melds into your body.
Your +2 robe of willpower melds into your body.
The +7 hunting sling "Piril" {flame, MP+9} stops flaming.
You feel less strong-willed.
You hit something but do no damage. Something hits you but does no damage.
Something bites you but does no damage.
You barely miss something. Something barely misses you. x2
You hit something. Something hits you! Something bites you but does no damage.
You barely miss something.
A vampire appears from thin air!
Reactivating autopickup.
You hit the vampire.
The vampire is lightly damaged.
The vampire casts a spell.
The vampire flickers and vanishes!
Deactivating autopickup; reactivate with Ctrl-A.
You hit something. You freeze something. Something hits you but does no damage.
Something bites you!
Something draws strength from your injuries!
You punch something! You freeze something. Something hits you.
Something barely misses you.
You barely miss something. Something hits you!
You focus your inner power and illuminate something in retribution!
The vampire bites you but does no damage.
You hit the vampire but do no damage.
The vampire is severely damaged.
The vampire draws life force from you!!
* * * LOW HITPOINT WARNING * * *
The vampire is healed by the life force!
You hit the vampire but do no damage.
The vampire is moderately damaged.
The vampire hits you.
* * * LOW HITPOINT WARNING * * *
The vampire bites you!
You die...

#............#.#'#############'##
#.############.........# #.#
#.#######..............#######.##
.....[......#....................
#.#######.#)#....................
....#...#.#......................
.##.#.#.#.#.#)...........#######.
.##.#.#.#.#.#............#######.
.##.#.#.#.#)#.))YV.......##......
.##.........#.<#######...##......
.##^....#.###..# #...##..####
.######.#...#..# #...##..#...
.......<###.#..# #...##..#._.
###########.#..# #.......#...
.............).# #...........
###########.#.## #...######..
####.......#'## ##### ###


You could see a vampire (invisible, corona).

Vanquished Creatures
  Harold (D:9)
  2 two-headed ogres (D:10)
  A cyclops (D:8)
  2 trolls (D:9)
  2 hornets (D:9)
  2 wraiths (D:9)
  3 yaks (D:9)
  A human (D:6)
  A steam dragon (D:8)
  A vampire mosquito (D:9)
  An acid dragon (D:9)
  5 water moccasins
  5 orc warriors
  6 centaurs (D:6)
  An ogre (D:5)
  5 kobold brigands
  7 bullfrogs
  2 gnoll sergeants
  3 scorpions
  15 killer bees
  3 howler monkeys
  13 wights
  3 centaur zombies
  4 hounds
  6 orc priests
  2 jellies
  Terence (D:3)
  14 orc wizards
  2 iguanas (D:3)
  A hound skeleton (D:4)
  2 howler monkey zombies
  6 adders
  7 gnolls
  An ufetubus (D:6)
  An adder skeleton (D:4)
  A worm (D:5)
  45 orcs
  8 bats
  4 endoplasms
  5 giant cockroaches
  7 hobgoblins
  2 quokkas
  3 ball pythons
  2 frilled lizards
  4 goblins
  28 kobolds
  A kobold skeleton (D:6)
  7 rats
249 creatures vanquished.

Vanquished Creatures (others)
  2 orcs (D:9)
  6 bushes (D:8)
  4 fungi (D:9)
  2 plants (D:9)
14 creatures vanquished.

Grand Total: 263 creatures vanquished

Notes
Turn   | Place    | Note
-------+----------+-------------------------------------------
     0 | D:1      | Hubris850 the Merfolk Transmuter began the quest for the
                  | Orb.
     0 | D:1      | Reached XP level 1. HP: 15/15 MP: 3/3
   282 | D:1      | Reached XP level 2. HP: 15/21 MP: 5/5
   938 | D:2      | Reached XP level 3. HP: 26/26 MP: 4/6
  1018 | D:2      | Found a shadowy altar of Dithmenos.
  1037 | D:2      | Identified the +7 hunting sling "Piril" {flame, MP+9}
  1432 | D:2      | Found a faded altar of an unknown god.
  1659 | D:3      | Reached XP level 4. HP: 32/32 MP: 7/7
  1667 | D:3      | Reached skill level 1 in Slings
  1675 | D:3      | Noticed a water moccasin
  1681 | D:3      | Killed a water moccasin
  1682 | D:3      | Reached skill level 3 in Slings
  1682 | D:3      | Reached XP level 5. HP: 35/37 MP: 8/8
  1797 | D:3      | Noticed Terence
  1799 | D:3      | Killed Terence
  1887 | D:3      | Reached XP level 6. HP: 43/43 MP: 9/9
  2268 | D:4      | Reached skill level 4 in Slings
  2527 | D:4      | Found a large runed translucent door.
  2528 | D:4      | Found a large runed translucent door.
  2674 | D:4      | Found a staircase to the Ecumenical Temple.
  2680 | Temple   | Entered the Ecumenical Temple
  3021 | D:4      | Reached XP level 7. HP: 41/48 MP: 10/10
  3243 | Temple   | Became a worshipper of Ru the Awakened
  3391 | D:4      | Found a white marble altar of Elyvilon.
  3395 | D:4      | Reached skill level 5 in Slings
  3401 | D:4      | Found a broken altar of Ashenzari.
  3428 | D:5      | Entered Level 5 of the Dungeon
  3636 | D:5      | Reached skill level 6 in Slings
  3665 | D:5      | Reached skill level 1 in Ice Magic
  3781 | D:5      | Reached XP level 8. HP: 54/54 MP: 11/11
  3843 | D:5      | Learned a level 4 spell: Ice Form
  4002 | D:5      | Found a runed translucent gate.
  4002 | D:5      | Found a runed translucent gate.
  4002 | D:5      | Found a runed translucent gate.
  4003 | D:5      | Noticed bande's ghost (novice GrFi)
  4398 | D:5      | Gained mutation: You are somewhat unskilled. (-1 Apt) [Ru
                  | sacrifice]
  4398 | D:5      | Reached * piety under Ru
  4867 | D:6      | Found a runed translucent door.
  4870 | D:6      | Found a basalt altar of Yredelemnul.
  5038 | D:6      | Reached skill level 7 in Slings
  5155 | D:6      | Reached XP level 9. HP: 48/59 MP: 12/12
  5293 | D:6      | Identified the +7 whip of Exoneration {venom, rElec rF+++
                  | rC+ Dex-5}
  5334 | D:6      | Reached skill level 8 in Slings
  5710 | D:6      | Reached skill level 1 in Maces & Flails
  7089 | D:8      | Gained mutation: You are sensitive to extremes of
                  | temperature. (rF-, rC-) [Ru sacrifice]
  7089 | D:8      | Reached ** piety under Ru
  7089 | D:8      | Reached *** piety under Ru
  7745 | D:8      | Reached skill level 9 in Slings
  7745 | D:8      | Reached XP level 10. HP: 64/65 MP: 13/13
  8071 | D:8      | Identified the +6 war axe "Utwueco" {distort, rF+ Will+}
  8080 | D:8      | Identified the amulet "Neohi" {RegenMP +Inv Will+}
  8094 | D:8      | Noticed a cyclops
  8103 | D:8      | Killed a cyclops
  8238 | D:8      | Found Onu Sackiqa's Armour Emporium.
  8245 | D:8      | Bought a +2 robe of willpower for 247 gold pieces
  8866 | D:9      | Reached skill level 10 in Slings
  9346 | D:9      | Reached skill level 5 in Transmutations
  9548 | D:9      | Found a staircase to the Lair.
  9558 | D:9      | Reached XP level 11. HP: 70/70 MP: 17/17
  9565 | D:9      | Noticed Harold
  9685 | D:9      | Killed Harold
  9876 | D:9      | Found a hide-covered altar of Uskayaw.
 10111 | D:9      | Found a radiant altar of Vehumet.
 10111 | D:9      | Found a sparkling altar of Nemelex Xobeh.
 10227 | D:9      | You fall into a shaft and drop 1 floor!
 10227 | D:10     | Entered Level 10 of the Dungeon
 10270 | D:10     | Reached skill level 5 in Ice Magic
 10680 | D:10     | Noticed a two-headed ogre
 10694 | D:10     | Killed a two-headed ogre
 10952 | D:10     | Noticed a two-headed ogre
 10971 | D:10     | Killed a two-headed ogre
 10972 | D:10     | Reached skill level 1 in Shields
 10972 | D:10     | Reached skill level 5 in Unarmed Combat
 11070 | D:10     | Found a shimmering blue altar of Sif Muna.
 11178 | D:10     | Slain by a vampire

Illustrated notes

Levels and vault maps discovered:
D:1:      beargit_arrival_greenhouse, layout_basic, minmay_rat_gold_closets
D:2:      layout_basic, shapermc_ecumenical_altar_pompeii, basic_altar,
          minmay_tromino_v7
D:3:      layout_basic, uniq_terence
D:4:      layout_loops_ring, jmf_multi_god_temple2, temple_statues,
          minmay_fountain_box
D:5:      layout_gridville, gammafunk_ghost_necromancy, nrook_mini_vaults,
          minivault_25, serial_bayou_crossing
D:6:      layout_gridville, dk_yredelemnul_ordeal, centaur_isle
D:7:      layout_rooms, nicolae_concentric_dashed_squares_wild,
          supply_closet_lemuel
D:8:      layout_layer_cave, serial_shops,
          nicolae_shop_competitors_out_of_business, minmay_hedge_maze
D:9:      layout_basic, gammafunk_temple_overflow_pools,
          mainiacjoe_overflow_boulevard, dpeg_oklobed_lair,
          minmay_joined_circles, uniq_harold
D:10:     layout_basic, mainiacjoe_overflow_chevrons
Temple:   regret_index_temple_generic_petals

Skill      XL: |  1  2  3  4  5  6  7  8  9 10 11 |
---------------+----------------------------------+-----
Dodging        | 3 2 3 |  3.4
Unarmed Combat | 4 5 |  5.1
Slings         | 3 4 6 7 9 10 | 10.0
Transmutations | 3 5 7 |  7.0
Ice Magic      | 1 4 5 |  5.0
Maces & Flails | 3 4 |  4.0
Spellcasting   | 4 |  4.9
Shields        | 1 |  1.3
Fighting       | |  1.9

Action                   |  1- 3 |  4- 6 |  7- 9 | 10-12 || total
-------------------------+-------+-------+-------+-------++-------
Melee: Unarmed           |    88 |       |       |    37 ||   125
       Headbutt          |     5 |       |       |       ||     5
       Hunting sling     |       |       |     3 |       ||     3
       Whip              |       |       |    67 |   106 ||   173
 Fire: Hunting sling     |    15 |    77 |   296 |   203 ||   591
 Cast: Beastly Appendage |     3 |       |     1 |     1 ||     5
       Ice Form          |       |       |       |     5 ||     5
Invok: Sacrifice Skill   |       |       |     1 |       ||     1
       Sacrifice Resista |       |       |     1 |       ||     1
       Draw Out Power    |       |       |       |     2 ||     2
 Abil: End Transformatio |       |       |       |     3 ||     3
Evoke: Wand              |       |       |       |     8 ||     8
  Use: Scroll            |     4 |     3 |     6 |     3 ||    16
       Potion            |       |     1 |     3 |     1 ||     5
 Stab: Sleeping          |     1 |       |       |       ||     1
Armor: Robe              |    12 |     7 |    63 |   115 ||   197
       Ring mail         |    13 |     1 |       |       ||    14
       Leather armour    |     7 |       |       |       ||     7
       Skin              |       |       |     8 |    15 ||    23
Dodge: Dodged            |    51 |    14 |    88 |   155 ||   308
Block: Buckler           |     2 |     3 |    17 |    41 ||    63

Table legend: (Time is in decaauts)
 A = Elapsed time spent in this place.
 B = Non-inter-level travel time spent in this place.
 C = Inter-level travel time spent in this place.
 D = Time resting spent in this place.
 E = Time spent auto-exploring this place.
 F = Levels seen in this place.
 G = Mean time per level.
                   A        B        C        D        E       F      G
               +--------+--------+--------+--------+--------+-----+--------+
         Total |  11277 |  10643 |    634 |   1520 |   6545 |  11 | 1025.2 |
       Dungeon |  10987 |  10427 |    560 |   1520 |   6337 |  10 | 1098.7 |
        Temple |    290 |    217 |     73 |      0 |    208 |   1 |  290.0 |
               +--------+--------+--------+--------+--------+-----+--------+

Top non-repeatable levels by time:
     D:8: 1739 daAuts
     D:6: 1603 daAuts
     D:9: 1454 daAuts
     D:1: 1029 daAuts
     D:4: 1022 daAuts
     D:7: 972 daAuts
     D:5: 968 daAuts
    D:10: 948 daAuts
     D:3: 695 daAuts
     D:2: 553 daAuts
  Temple: 290 daAuts
